AoeStats
← papaK

Nomad

510530957Analyzed
2v2 RM · 23h ago on Oct 1, 2026· 30m 49s· 4 players
Game mode
Random Map
Map size
176×176
Population
200
Speed
Normal
Resources
Standard
Victory
Conquest
Starting age
Dark Age
Ending age
Imperial Age
RankedLock teamsTeams togetherTeam positionsShared explorationLock speedFull tech treeHidden civsTurbo modeCheats
Victory
Defeat
🇳🇴 Spanish · Norway
1672
+5
🇳🇴 Wu · Norway
1121
+23
🇨🇳 Magyars · China
1355
-15
🇨🇳 Varangians · China
1331
-13
Anthony
9:05 Loom
14:16 Feudal Age
15:20 Fishing Lines
18:13 Castle Age
16:56 Double-Bit Axe
18:01 Fletching
19:37 Bodkin Arrow
21:32 Bow Saw
21:46 Scale Barding Armor
22:48 Husbandry
27:33 Town Watch
28:21 Chain Barding Armor
OOM
5:07 Loom
14:31 Feudal Age
20:53 Castle Age
19:20 Double-Bit Axe
24:38 Horse Collar
[Nors] OG DADDY
5:14 Loom
14:24 Feudal Age
19:50 Castle Age
18:46 Double-Bit Axe
21:04 Medium Warships
21:33 Bow Saw
22:44 Fishing Lines
30:41 Gillnets
papaK
4:28 Loom
14:33 Feudal Age
14:38 Man-at-Arms
15:49 Horse Collar
15:57 Double-Bit Axe
18:01 Wheelbarrow
22:54 Castle Age
21:40 Bloodlines
22:03 Scale Mail Armor
22:09 Scale Barding Armor
22:26 Forging
22:15 Arson
22:31 Town Watch
23:52 Squires
24:22 Bow Saw
25:28 Chain Mail Armor
30:00 Fletching
Connection lost

Rejoining the realm…

Still unreachable

The connection could not be restored.

Session expired

The server has moved on; the page needs a fresh start.